 Dungeon Crawl Stone Soup version 0.26-a0-610-g3e9335bbc7 (webtiles) character file.

Game seed: 13324145517513525411

15963 MrRokkomies the Geomancer (level 12, -13/77 HPs)
             Began as an Octopode Earth Elementalist on Sept 4, 2020.
             Was a High Priest of Dithmenos.
             Mangled by a wolf spider simulacrum (17 damage)
             ... on level 13 of the Dungeon.
             The game lasted 00:46:24 (16028 turns).

MrRokkomies the Geomancer (OpEE)                   Turns: 16028, Time: 00:46:24

Health: -13/77     AC:  1    Str: 11    XL:     12   Next: 32%
Magic:  0/25       EV: 28    Int: 23    God:    Dithmenos [*****.]
Gold:   283        SH:  8    Dex: 18    Spells: 2/17 levels left

rFire    + . .     SeeInvis .   a - +5 dagger (venom)
rCold    . . .     Faith    .   M - +3 warlock's mirror {reflect}
rNeg     . . .     Spirit   +   (helmet restricted)
rPois    +         Reflect  +   z - amulet of guardian spirit
rElec    +         Harm     .   j - +6 ring of dexterity
rCorr    .                      w - ring of stealth
MR       .....                  x - +4 ring of evasion
Stlth    ++++++++..             y - +6 ring of strength
HPRegen  0.22/turn              C - ring of magical power
MPRegen  0.19/turn              c - ring "Fezxaluo" {rElec rPois EV+4 Str-2}
                                P - ring of wizardry
                                S - ring of protection from fire

@: wreathed by umbra
A: almost no armour, stealthy swim, amphibious, 8 rings, constrict 8, camouflage
1, gelatinous body 1
a: Shadow Step, Shadow Form, Renounce Religion


You were on level 13 of the Dungeon.
You worshipped Dithmenos.
Dithmenos was extremely pleased with you.
You visited 2 branches of the dungeon, and saw 14 of its levels.
You also visited: Bailey.

You collected 833 gold pieces.
You spent 550 gold pieces at shops.

Inventory:

Hand Weapons
 a - a +5 dagger of venom (weapon)
 b - a +7 long sword of holy wrath
 d - a +0 dagger
 g - a +3 spear
 m - a +2 war axe of freezing
 D - a +0 short sword of draining
 W - a +2 short sword of electrocution
Missiles
 B - 329 stones (quivered)
 G - 31 poisoned darts
 H - 87 boomerangs
 N - a throwing net
Armour
 M - the +3 warlock's mirror (worn) {reflect}
   (You acquired it in a bailey)
Magical Staves
 T - an uncursed staff of air
Jewellery
 c - the ring "Fezxaluo" (on tentacle) {rElec rPois EV+4 Str-2}
   (You bought it in a shop on level 5 of the Dungeon)

   [ring of evasion]

   It affects your evasion (+4).
   It affects your strength (-2).
   It insulates you from electricity.
   It protects you from poison.
 j - a +6 ring of dexterity (left tentacle)
 w - a ring of stealth (right tentacle)
 x - a +4 ring of evasion (on tentacle)
 y - a +6 ring of strength (on tentacle)
 z - an amulet of guardian spirit (around mantle)
 C - a ring of magical power (on tentacle)
 P - a ring of wizardry (on tentacle)
 Q - a +6 ring of strength
 S - a ring of protection from fire (on tentacle)
Wands
 e - a wand of random effects (13)
 n - a wand of paralysis (17)
 o - a wand of digging (7)
 v - a wand of iceblast (29)
 A - a wand of enslavement (12)
 R - a wand of flame (13)
Scrolls
 h - 2 scrolls of remove curse
 p - 3 scrolls of identify
 q - 2 scrolls of amnesia
 s - 8 scrolls of teleportation
 u - a scroll of enchant weapon
 U - a scroll of enchant armour
 V - a scroll of immolation
 X - a scroll of silence {unknown}
Potions
 f - 4 potions of brilliance
 i - 7 potions of magic
 k - 9 potions of curing
 l - 2 potions of lignification
 r - 2 potions of mutation
 t - 2 potions of stabbing
 F - a potion of heal wounds
 I - a potion of haste
 J - 2 potions of cancellation
 K - a potion of berserk rage
 L - a potion of might
 O - 7 potions of ambrosia


   Skills:
 + Level 5.0 Fighting
 + Level 7.4 Short Blades
 * Level 9.0 Dodging
 - Level 5.0 Stealth
 - Level 4.0 Shields
 * Level 3.1 Spellcasting
 - Level 8.0 Transmutations
 - Level 12.0 Earth Magic
 - Level 0.9 Evocations


You had 2 spell levels left.
You knew the following spells:

 Your Spells              Type           Power        Failure   Level
a - Sandblast             Erth           ######       1%          1
b - Passwall              Tmut/Erth      #####...     1%          2
c - Petrify               Tmut/Erth      #####...     1%          4
d - Stone Arrow           Conj/Erth      ####..       1%          3
e - Lee's Rapid Deconstr  Erth           ######....   1%          5

Your spell library contained the following spells:

 Spells                   Type           Power        Failure   Level


Dungeon Overview and Level Annotations

Branches:
Dungeon (14/15)            Temple (1/1) D:6            Lair (0/6) D:11
 Bailey (visited)
    Orc: D:9-12      Vaults: D:13-14

Altars:
Ashenzari
Cheibriados
Dithmenos
Elyvilon
Fedhas
Gozag
Hepliaklqana
Kikubaaqudgha
Makhleb
Nemelex Xobeh
Okawaru
Qazlal
Ru
Sif Muna
Trog
Uskayaw
Vehumet
Wu Jian
Xom
Yredelemnul
Zin
The Shining One

Shops:
D:5 =   D:10 !}

Portals:
Trove: D:10 (give horn of Geryon)

Annotations:
D:4 2 transporters, scimitardk's ghost, amateur HOMo
D:6 2 transporters
D:7 2 transporters, Oki's ghost, novice VSBe
D:8 1 runed translucent door, Execuda's ghost, novice DgFE


Innate Abilities, Weirdness & Mutations

You cannot wear most types of armour.
You are very stealthy in the water. (Stealth+)
You are amphibious.
You can wear up to eight rings at the same time.
You can use your tentacles to constrict eight enemies at once.
Your skin changes colour to match your surroundings (Stealth+).
Your rubbery body absorbs attacks. (AC +1, EV +1)


Message History

Casting: Petrify (dangerous; 1% risk of failure)
Confirm with . or Enter, or press ? or * to list all spells.
Press: ? - help, Dir - move target cursor A rock wall.
This square is wreathed by an umbra.
The wolf spider simulacrum barely misses you.
The wolf spider simulacrum misses you. You block the orc's attack.
You begin to meditate on the wall.
You continue meditating on the rock.
You block the wolf spider simulacrum's attack. x2
The wolf spider simulacrum completely misses you.
The wolf spider simulacrum barely misses you.
You continue meditating on the rock.
You block the orc's attack. The wolf spider simulacrum hits you!
* * * LOW HITPOINT WARNING * * *
The wolf spider simulacrum freezes you!
* * * LOW HITPOINT WARNING * * *
The wolf spider simulacrum bites you.
* * * LOW HITPOINT WARNING * * *
The wolf spider simulacrum freezes you!!
You die...

## #.........##.
##.######....##..
#... ####.......#
.....#.##....#.##
....5#..#...##...
...........## #.#
...##..#.....# ..
##o.###...##
#@Z..........
#####.....##.
......# . ..##..#
...##.. ...# ....


You could see a wolf spider simulacrum and an orc.

Vanquished Creatures
  A hydra (D:11)
  2 orc knights
  An obsidian statue (D:9)
  A cyclops (D:11)
  3 deep elf magi
  Maggie (D:6)
  A queen bee (D:11)
  A troll (D:8)
  2 hippogriffs
  14 yaks
  Sigmund (D:3)
  A wyvern (D:10)
  A basilisk (D:11)
  A steam dragon (D:11)
  A soldier ant (D:11)
  Duvessa (D:4)
  An acid dragon (D:10)
  4 porcupines (D:11)
  7 ice beasts
  2 water moccasins
  4 phantoms
  5 orc warriors
  2 sky beasts
  An eye of draining (D:11)
  7 ogres
  4 centaurs
  4 crocodiles
  3 big kobolds
  7 bullfrogs
  2 wyvern zombies
  Dowan (D:4)
  2 scorpions
  33 killer bees
  7 wights
  7 howler monkeys
  A centaur zombie (D:9)
  A bullfrog zombie (D:10)
  3 jellies
  2 bullfrog skeletons
  12 orc wizards
  5 orc priests
  7 hounds
  A centaur skeleton (D:9)
  Terence (D:3)
  5 iguanas
  A spectral killer bee (D:9)
  12 worker ants
  A killer bee zombie (D:7)
  A hound skeleton (D:9)
  A howler monkey zombie (D:6)
  2 worker ant zombies
  Robin (D:2)
  13 gnolls (Bailey)
  21 adders
  6 shadow imps
  6 white imps
  A worker ant simulacrum (D:10)
  2 ufetubi
  2 oozes
  4 adder zombies
  An adder skeleton (D:9)
  2 dart slugs
  4 leopard geckos
  66 orcs
  2 ball pythons
  10 bats
  3 giant cockroaches
  11 goblins
  15 hobgoblins
  25 jackals
  27 kobolds
  5 quokkas
  A frilled lizard (D:2)
  A leopard gecko zombie (D:7)
  4 rats
425 creatures vanquished.

Vanquished Creatures (others)
  3 bushes (D:11)
  6 fungi (D:11)
  26 plants (D:11)
35 creatures vanquished.

Grand Total: 460 creatures vanquished

Notes
Turn   | Place    | Note
-------+----------+-------------------------------------------
     0 | D:1      | MrRokkomies the Octopode Earth Elementalist began the quest
                  | for the Orb.
     0 | D:1      | Reached XP level 1. HP: 11/11 MP: 3/3
   794 | D:1      | Reached XP level 2. HP: 17/17 MP: 5/5
  1511 | D:2      | Found a glowing silver altar of Zin.
  1519 | D:2      | Reached XP level 3. HP: 17/21 MP: 6/6
  1578 | D:2      | Found a blossoming altar of Fedhas.
  1579 | D:2      | Found a glowing golden altar of the Shining One.
  1580 | D:2      | Found a snail-covered altar of Cheibriados.
  1581 | D:2      | Found a burning altar of Makhleb.
  1584 | D:2      | Found an ancient bone altar of Kikubaaqudgha.
  1975 | D:2      | Reached XP level 4. HP: 27/27 MP: 7/7
  2144 | D:2      | Noticed Robin
  2168 | D:2      | Killed Robin
  2423 | D:3      | Learned a level 2 spell: Passwall
  2428 | D:3      | Learned a level 4 spell: Petrify
  2703 | D:3      | Reached skill level 4 in Earth Magic
  2823 | D:3      | Noticed Terence
  2832 | D:3      | Killed Terence
  2832 | D:3      | Reached XP level 5. HP: 21/31 MP: 1/8
  3104 | D:3      | Noticed Sigmund
  3343 | D:3      | Killed Sigmund
  3343 | D:3      | Reached XP level 6. HP: 18/36 MP: 3/10
  3869 | D:4      | Noticed Dowan
  4069 | D:4      | Killed Dowan
  4101 | D:4      | Reached skill level 5 in Earth Magic
  4102 | D:4      | Reached XP level 7. HP: 41/41 MP: 11/11
  4420 | D:4      | Reached skill level 5 in Stealth
  4732 | D:4      | Noticed Duvessa
  4742 | D:4      | Killed Duvessa
  4767 | D:4      | Found a transporter.
  4768 | D:4      | Noticed scimitardk's ghost (amateur HOMo)
  4780 | D:4      | Found a transporter.
  4857 | D:4      | Found a shadowy altar of Dithmenos.
  4966 | D:5      | Entered Level 5 of the Dungeon
  5625 | D:5      | Reached skill level 1 in Short Blades
  5625 | D:5      | Reached skill level 6 in Earth Magic
  5625 | D:5      | Reached XP level 8. HP: 16/46 MP: 12/12
  5929 | D:5      | Reached skill level 5 in Dodging
  6454 | D:6      | Found a transporter.
  6454 | D:6      | Noticed a wraith
  6715 | D:5      | Found Hacenn's Jewellery Shop.
  6995 | D:6      | Found a hide-covered altar of Uskayaw.
  6997 | D:6      | Noticed a hippogriff
  7024 | D:6      | Noticed Maggie
  7041 | D:6      | Killed Maggie
  7121 | D:6      | Found a transporter.
  7224 | D:6      | Reached skill level 7 in Earth Magic
  7275 | D:6      | Found a radiant altar of Vehumet.
  7293 | D:6      | Reached skill level 5 in Transmutations
  7481 | D:6      | Reached XP level 9. HP: 36/51 MP: 13/13
  7580 | D:6      | Learned a level 3 spell: Stone Arrow
  7655 | D:6      | Found a shimmering altar of Xom.
  7782 | D:6      | Found a staircase to the Ecumenical Temple.
  7791 | Temple   | Entered the Ecumenical Temple
  8175 | D:4      | Became a worshipper of Dithmenos the Shadowed
  8662 | D:6      | Found an iron altar of Okawaru.
  8765 | D:7      | Found a transporter.
  8765 | D:7      | Found a transporter.
  8765 | D:7      | Noticed Oki's ghost (novice VSBe)
  8835 | D:7      | Found a bloodstained altar of Trog.
  9199 | D:7      | Reached skill level 8 in Earth Magic
  9210 | D:7      | Reached * piety under Dithmenos
  9335 | D:7      | Found an ornate altar of the Wu Jian Council.
  9607 | D:7      | Found an opulent altar of Gozag.
 10217 | D:8      | Reached XP level 10. HP: 39/56 MP: 12/14
 10635 | D:8      | Found a runed translucent door.
 10655 | D:8      | Reached skill level 9 in Earth Magic
 10684 | D:8      | Reached ** piety under Dithmenos
 10705 | D:8      | Found a flagged portal.
 10710 | Bailey   | Entered a bailey
 11229 | Bailey   | Noticed an orc knight
 11244 | Bailey   | Killed an orc knight
 11455 | Bailey   | Identified a scroll of acquirement
 11455 | Bailey   | Acquired the +3 warlock's mirror {reflect}
 11456 | Bailey   | Found the +3 warlock's mirror {reflect}
 11471 | D:8      | Reached *** piety under Dithmenos
 11529 | D:8      | Reached skill level 1 in Shields
 11561 | D:8      | Reached skill level 5 in Short Blades
 11778 | D:8      | Found a white marble altar of Elyvilon.
 12107 | D:8      | Noticed Execuda's ghost (novice DgFE)
 12276 | D:5      | Bought the ring "Fezxaluo" {rElec rPois EV+4 Str-2} for 550
                  | gold pieces
 12345 | D:9      | Noticed an obsidian statue
 12362 | D:8      | Learned a level 5 spell: Lee's Rapid Deconstruction
 12387 | D:9      | Found a shimmering altar of Xom.
 12647 | D:9      | Reached **** piety under Dithmenos
 12647 | D:9      | Reached skill level 1 in Fighting
 12653 | D:9      | Reached skill level 10 in Earth Magic
 12673 | D:8      | Reached XP level 11. HP: 35/63 MP: 13/15
 13492 | D:9      | Killed an obsidian statue
 13593 | D:10     | Entered Level 10 of the Dungeon
 13657 | D:10     | Found Vooruczi's Gadget Shoppe.
 14090 | D:10     | Found Cyce's Distillery.
 14097 | D:10     | Found a portal to a secret trove of treasure.
 14310 | D:10     | Found a burning altar of Makhleb.
 14318 | D:10     | Noticed an orc knight
 14326 | D:10     | Killed an orc knight
 14326 | D:10     | Reached skill level 11 in Earth Magic
 14771 | D:11     | Noticed a deep elf mage
 14776 | D:11     | Killed a deep elf mage
 14813 | D:11     | Noticed a deep elf mage
 14821 | D:11     | Killed a deep elf mage
 14826 | D:11     | Reached ***** piety under Dithmenos
 14949 | D:11     | Noticed a four-headed hydra
 14965 | D:11     | Killed a four-headed hydra
 15086 | D:11     | Found a staircase to the Lair.
 15346 | D:11     | Reached XP level 12. HP: 58/75 MP: 16/16
 15953 | D:11     | You fall into a shaft and drop 3 floors!
 15962 | D:14     | Noticed a two-headed ogre
 15965 | D:14     | Noticed a centaur warrior
 15988 | D:13     | Noticed a two-headed ogre
 16001 | D:13     | Reached skill level 12 in Earth Magic
 16010 | D:13     | Reached skill level 5 in Fighting
 16028 | D:13     | Mangled by a wolf spider simulacrum

Illustrated notes

Levels and vault maps discovered:
D:1:      minmay_arrival_stone_box, layout_basic
D:2:      layout_loops_cross, minitemple, minmay_misc_feat_four_crosses,
          uniq_robin
D:3:      layout_basic, uniq_terence, uniq_sigmund
D:4:      layout_rooms, gammafunk_ghost_stat_death, grunt_dithmenos_shadows,
          uniq_duvessa
D:5:      layout_rooms, minmay_shop_enchanted_jewellery
D:6:      layout_loops_ring, gammafunk_temple_overflow_arena,
          lemuel_coloured_pillars_altar, kennysheep_mini_moat,
          marbit_many_paths, minmay_temple_entry_mini_moons, uniq_maggie
D:7:      layout_basic, nicolae_overflow_crystal_walls,
          overflow_temple_1_default, kennysheep_little_box,
          gammafunk_ghost_hive, grunt_ministairs_5, dk_vineyard_1
D:8:      layout_loops_ring, special_room [special_room_orc],
          ebering_ghost_inner_flame, enter_bailey_3, elyvilon_altar_3
D:9:      layout_rooms, hangedman_weighted_door, minivault_16, xom_teletrap_fun
D:10:     minmay_the_grid_four_pointed_star_mashed
          [minmay_the_grid_triangle_9x9_zippers_horizontal,
          minmay_the_grid_triangle_9x9_swiss_cheese,
          minmay_the_grid_triangle_9x9_shrine,
          minmay_the_grid_triangle_9x9_minimal,
          minmay_the_grid_prize_trominoes], layout_stronghold, enter_trove_0,
          serial_shops, shop, nicolae_shop_statue_plus,
          chequers_serial_rivers_room_b
D:11:     layout_roguey [special_room_bee], minmay_lair_entry_grove,
          nemelex_xobeh_ov_fountains_minmay
D:13:     cheibrodos_monumental, layout_basic, david_vaults_2, serial_ice,
          serial_ice_i, serial_ice_m, serial_ice_c, serial_ice_g,
          portal_ice_cave_entry_pillars_1, nicolae_wwwww
D:14:     layout_rooms, serial_shops, kennysheep_mini,
          minmay_staircase_windowed_small, uniq_agnes, uniq_rupert
Temple:   compressed_dpeg_triangle_lava_temple

Skill      XL: |  1  2  3  4  5  6  7  8  9 10 11 12 |
---------------+-------------------------------------+-----
Stealth        | 3 4 5 |  5.0
Dodging        | 3 4 5 6 8 9 |  9.0
Earth Magic    | 4 5 6 7 8 10 11 12 | 12.0
Spellcasting   | 3 |  3.1
Transmutations | 3 5 7 8 |  8.0
Short Blades   | 1 2 4 5 7 |  7.4
Shields        | 3 4 |  4.0
Fighting       | 1 4 5 |  5.0
Evocations     | |  0.9

Action                   |  1- 3 |  4- 6 |  7- 9 | 10-12 || total
-------------------------+-------+-------+-------+-------++-------
Melee: Dagger            |    18 |       |   138 |   661 ||   817
       Constrict         |    12 |    18 |    66 |   119 ||   215
       Unarmed           |     1 |       |       |       ||     1
       Spear             |    26 |    48 |       |       ||    74
       Tentacles         |     7 |    10 |    77 |   151 ||   245
       War axe           |       |    18 |    37 |       ||    55
       Short sword       |       |       |   164 |       ||   164
       Long sword        |       |       |    23 |     8 ||    31
Throw: Stone             |       |       |       |     3 ||     3
 Cast: Sandblast         |     4 |    26 |    13 |    20 ||    63
       Petrify           |       |       |     4 |    15 ||    19
       Stone Arrow       |       |       |       |     6 ||     6
       Lee's Rapid Decon |       |       |       |     6 ||     6
       Passwall          |       |       |       |     1 ||     1
Evoke: Wand              |       |       |     1 |       ||     1
  Use: Scroll            |       |     8 |    11 |     5 ||    24
       Potion            |       |       |     3 |     2 ||     5
 Stab: Sleeping          |    10 |     3 |    16 |    36 ||    65
       Distracted        |       |     3 |     2 |     4 ||     9
       Paralysed         |       |       |     6 |       ||     6
       Petrified         |       |       |     6 |    14 ||    20
       Petrifying        |       |       |       |     5 ||     5
       Invisible         |       |       |       |     2 ||     2
Armor: Skin              |     7 |     3 |    14 |    10 ||    34
Dodge: Dodged            |    33 |    39 |   338 |   567 ||   977
Block: Buckler           |       |       |       |   193 ||   193
       Reflection        |       |       |       |     9 ||     9
       Rpst.: Long sword |       |       |     5 |     3 ||     8

Table legend: (Time is in decaauts)
 A = Elapsed time spent in this place.
 B = Non-inter-level travel time spent in this place.
 C = Inter-level travel time spent in this place.
 D = Time resting spent in this place.
 E = Time spent auto-exploring this place.
 F = Levels seen in this place.
 G = Mean time per level.
                   A        B        C        D        E       F      G
               +--------+--------+--------+--------+--------+-----+--------+
         Total |  15862 |  15196 |    666 |   2893 |   9602 |  15 | 1057.5 |
       Dungeon |  14792 |  14141 |    651 |   2618 |   9039 |  13 | 1137.8 |
        Temple |    330 |    315 |     15 |      0 |    315 |   1 |  330.0 |
        Bailey |    740 |    740 |      0 |    275 |    248 |   1 |  740.0 |
               +--------+--------+--------+--------+--------+-----+--------+

Top non-repeatable levels by time:
     D:6: 1934 daAuts
     D:8: 1541 daAuts
     D:2: 1445 daAuts
     D:7: 1431 daAuts
     D:4: 1423 daAuts
     D:3: 1417 daAuts
     D:1: 1185 daAuts
     D:5: 1171 daAuts
    D:11: 1166 daAuts
    D:10: 1098 daAuts
     D:9: 915 daAuts
  Bailey: 740 daAuts
  Temple: 330 daAuts
    D:13: 35 daAuts
    D:14: 26 daAuts
